 Dungeon Sprint DCSS version 0.25.1-2-g60ff931df9 (webtiles) character file.

Game seed: 14624399204792958432

2856 Groucho the Imperceptible (level 9, -4/76 HPs)
             Began as a Felid Berserker on Oct 28, 2020.
             Was a High Priest of Trog.
             Killed from afar by a shadow dragon (12 damage)
             ... with a bolt of negative energy
             ... in the Dungeon (Sprint I: "Red Sonja").
             The game lasted 00:12:01 (3470 turns).

Groucho the Imperceptible (Felid Berserker)         Turns: 3470, Time: 00:12:01

Health: -4/76      AC:  2    Str: 13    XL:     9   Next: 46%
Magic:  9/9        EV: 32    Int:  9    God:    Trog [*****.]
Gold:   2455       SH:  0    Dex: 19    Spells: 8/8 levels left
                                        Lives:  0   Deaths: 2

rFire    + . .     SeeInvis +     - Unarmed
rCold    x . .     Gourm    .   (shield unavailable)
rNeg     . . .     Faith    .   (armour unavailable)
rPois    .         Spirit   .   (helmet unavailable)
rElec    .         Reflect  .   (cloak unavailable)
rCorr    .         Harm     .   (gloves unavailable)
MR       +....     NoTele   +   (boots unavailable)
Stlth    ..........             (no amulet)
HPRegen  0.22/turn              p - ring of fire
MPRegen  0.11/turn              (no ring)

@: berserking (expiring), heavily drained, very quick
A: very small, no armour, no weapons or thrown items, stealth, claws 1, fangs 3,
see invisible, carnivore, speed 1, low mp 1, shaggy fur 2, slow metabolism 1,
sharp paws
a: Berserk, Trog's Hand, Brothers in Arms, Renounce Religion


You were in the Dungeon.
You worshipped Trog.
Trog was extremely pleased with you.
You were full.

You visited 1 branch You collected 3528 gold pieces.
You spent 1073 gold pieces at shops.

Inventory:

Jewellery
 o - an uncursed amulet of magic regeneration
 p - a ring of fire (left paw)
Wands
 g - a wand of enslavement (4)
 h - a wand of clouds (10)
 i - a wand of paralysis (11)
 k - a wand of random effects (20)
Scrolls
 j - a scroll of remove curse {unknown}
 l - 3 scrolls of identify
 m - a scroll of fog {unknown}
 n - a scroll of blinking
Potions
 b - a potion of curing
 d - a potion of haste
 e - 2 potions of magic
Comestibles
 a - 2 rations


   Skills:
 + Level 13.3(11.4) Fighting
 + Level 16.6(14.6) Dodging
 + Level 22.4(20.1) Stealth
 + Level 13.3(11.4) Unarmed Combat


You had 8 spell levels left.
You didn't know any spells.
Your spell library was empty.

Dungeon Overview and Level Annotations

Branches:
Dungeon (1/1)

Altars:
Cheibriados
Dithmenos
Elyvilon
Fedhas
Gozag
Hepliaklqana
Kikubaaqudgha
Makhleb
Nemelex Xobeh
Okawaru
Qazlal
Ru
Sif Muna
Trog
Uskayaw
Vehumet
Wu Jian
Xom
Yredelemnul
Zin
The Shining One
Jiyva
Lugonu

Shops:
D *!?((*}*[*??**%%:(}[}

Annotations:
D Lernaean hydra


Innate Abilities, Weirdness & Mutations

You cannot wear armour.
You are incapable of wielding weapons or throwing items.
Your paws allow you to move quietly. (Stealth)
You have sharp claws.
You have razor-sharp teeth.
You have supernaturally acute eyesight. (SInv)
You are carnivorous and can eat meat at any time.
You cover ground quickly.
You are covered in thick fur. (AC +2)
You have a slow metabolism.
Your sharp claws are effective at attacking unaware monsters.
Your magical capacity is low. (-10% MP)


Message History

The shadow dragon bites you!
* * * LOW HITPOINT WARNING * * *
The shadow dragon completely misses you.
The shadow dragon barely misses you.
You closely miss the shadow dragon.
The shadow dragon is almost dead.
You closely miss the shadow dragon.
The shadow dragon is almost dead.
The shadow dragon is engulfed in a cloud of scalding steam.
The shadow dragon bites you but does no damage.
The shadow dragon claws you but does no damage.
The shadow dragon completely misses you.
You scratch the shadow dragon but do no damage.
The shadow dragon is almost dead.
You closely miss the shadow dragon. Your claw misses the shadow dragon.
The shadow dragon is almost dead.
The shadow dragon is engulfed in a cloud of scalding steam.
The shadow dragon breathes negative energy at you.
The bolt of negative energy hits you!
You feel drained.
You die...

##############################
.§.§§§§§'†.#^§§§§§.#))}......#
##§§§..##§.'^^#§@§§##)[......#
##§§§#######+#§D§§§#####....#
###+# #§§§§§# #....# ##§§§§#
#....# ###§## #....#
#(####+#...°# ##'#....##...#
##.§§§.§..##.$#
#^.§§§§§.§.#.$#


You could see a shadow dragon (catching breath).

Vanquished Creatures
  2 centaur warriors (D)
  2 unseen horrors (D)
  A deep troll (D)
  A lindwurm (D)
  An oklob plant (D)
  2 kobold demonologists (D)
  A hornet (D)
  A slime creature (D)
  Sigmund (D)
  2 redbacks (D)
  13 hogs (D)
  A yak (D)
  3 floating eyes (D)
  7 necrophages (D)
  An ogre (D)
  8 jellies (D)
  Ijyb (D)
48 creatures vanquished.

Vanquished Creatures (collateral kills)
  A hydra (D)
  Sonja (D)
  8 shining eyes (D)
  4 demonic crawlers (D)
  4 floating eyes (D)
  A ballistomycete spore (D)
19 creatures vanquished.

Vanquished Creatures (others)
  A deep elf master archer (D)
  A gargoyle (D)
  A hornet (D)
  A ballistomycete spore (D)
4 creatures vanquished.

Grand Total: 71 creatures vanquished

Notes
Turn   | Place    | Note
-------+----------+-------------------------------------------
     0 | D        | Groucho the Felid Berserker began the quest for the Orb.
     0 | D        | Reached XP level 1. HP: 10/10 MP: 2/2
     2 | D        | Noticed Ijyb
    14 | D        | Killed Ijyb
    14 | D        | Reached skill level 8 in Stealth
    14 | D        | Reached XP level 2. HP: 14/14 MP: 3/3
   164 | D        | Noticed an ogre
   166 | D        | Killed an ogre
   166 | D        | Reached skill level 12 in Stealth
   166 | D        | Reached XP level 3. HP: 17/17 MP: 4/4
   166 | D        | Reached XP level 4. HP: 21/21 MP: 5/5
   181 | D        | Noticed Sigmund
   183 | D        | Killed Sigmund
   183 | D        | Reached ** piety under Trog
   183 | D        | Reached skill level 16 in Stealth
   183 | D        | Reached XP level 5. HP: 24/24 MP: 6/6
   203 | D        | Found a shimmering blue altar of Sif Muna.
   204 | D        | Found an ornate altar of the Wu Jian Council.
   205 | D        | Found a radiant altar of Vehumet.
   211 | D        | Gained mutation: You are covered in thick fur. (AC +2)
                  | [Felid growth]
   211 | D        | Reached XP level 6. HP: 12/28 MP: 7/7
   243 | D        | Found Dafu Fop's Weapon Emporium.
   243 | D        | Found an ancient bone altar of Kikubaaqudgha.
   243 | D        | Found a hazy altar of Hepliaklqana.
   243 | D        | Found a stormy altar of Qazlal.
   243 | D        | Found a hide-covered altar of Uskayaw.
   243 | D        | Found a blossoming altar of Fedhas.
   243 | D        | Found a bloodstained altar of Trog.
   243 | D        | Found an iron altar of Okawaru.
   243 | D        | Found a basalt altar of Yredelemnul.
   243 | D        | Found a glowing golden altar of the Shining One.
   243 | D        | Found a snail-covered altar of Cheibriados.
   243 | D        | Found a sacrificial altar of Ru.
   243 | D        | Found a glowing silver altar of Zin.
   243 | D        | Found a shadowy altar of Dithmenos.
   243 | D        | Found a white marble altar of Elyvilon.
   243 | D        | Noticed a yak
   244 | D        | Found an opulent altar of Gozag.
   245 | D        | Killed a yak
   246 | D        | Found a sparkling altar of Nemelex Xobeh.
   502 | D        | Found a burning altar of Makhleb.
   502 | D        | Found a shimmering altar of Xom.
   502 | D        | Noticed a slime creature
   503 | D        | Found a viscous altar of Jiyva.
   503 | D        | Found a corrupted altar of Lugonu.
   505 | D        | Killed a slime creature
   505 | D        | Reached *** piety under Trog
   505 | D        | Reached skill level 5 in Fighting
   505 | D        | Reached skill level 17 in Stealth
   505 | D        | Reached skill level 5 in Unarmed Combat
   505 | D        | Reached XP level 7. HP: 33/33 MP: 8/8
   530 | D        | Noticed a centaur warrior
   530 | D        | Noticed a centaur warrior
   531 | D        | Killed a centaur warrior
   531 | D        | Reached skill level 18 in Stealth
   531 | D        | Reached XP level 8. HP: 40/40 MP: 9/9
   532 | D        | Killed a centaur warrior
   544 | D        | Noticed a hornet
   547 | D        | Killed a hornet
   547 | D        | Reached skill level 19 in Stealth
   547 | D        | Reached XP level 9. HP: 45/45 MP: 10/10
   559 | D        | Noticed an oklob plant
   561 | D        | Killed an oklob plant
   561 | D        | Reached **** piety under Trog
   601 | D        | Noticed an unseen horror
   603 | D        | Noticed an unseen horror
   608 | D        | Killed an unseen horror
   608 | D        | Reached skill level 10 in Fighting
   608 | D        | Reached skill level 10 in Unarmed Combat
   610 | D        | Killed an unseen horror
   610 | D        | Reached ***** piety under Trog
   610 | D        | Reached skill level 20 in Stealth
   610 | D        | Reached XP level 10. HP: 51/51 MP: 11/11
   692 | D        | Reached ****** piety under Trog
   729 | D        | Found Uzasif's General Store.
   729 | D        | Found Tuuskuuh's Gadget Shop.
   729 | D        | Found Anoe's Armour Boutique.
   731 | D        | Found Vorid's Assorted Antiques.
   731 | D        | Found Ynkoigh's Magic Scroll Shop.
   731 | D        | Found Dafakoje's Magic Scroll Shoppe.
   731 | D        | Found Tazam's Assorted Antiques.
   731 | D        | Found Qyerism's Assorted Antiques.
   731 | D        | Found Ydoledoh's Food Shop.
   731 | D        | Found Ejyosuar's Food Shoppe.
   735 | D        | Found Vaurchue's Book Boutique.
   736 | D        | Found Dauf's Gadget Emporium.
   736 | D        | Found Cyiruchoek's Antique Weapon Boutique.
   737 | D        | Found Ihifouw's Gadget Emporium.
   758 | D        | Bought a runed lead wand for 124 gold pieces
   760 | D        | Bought a scroll of identify for 24 gold pieces
   817 | D        | Noticed a deep troll
   819 | D        | Killed a deep troll
   831 | D        | Found Teanadyghe's Armour Emporium.
   848 | D        | Noticed Sonja
   856 | D        | Killed Sonja
   923 | D        | Found Nisafoip's General Store.
   931 | D        | Bought a potion of heal wounds for 60 gold pieces
   969 | D        | Noticed a shining eye
   969 | D        | Noticed a shining eye
   969 | D        | Noticed a shining eye
   969 | D        | Noticed a shining eye
   969 | D        | Noticed a shining eye
   969 | D        | Noticed a shining eye
   973 | D        | Killed a shining eye
   973 | D        | Reached skill level 21 in Stealth
   973 | D        | Gained mutation: Your magical capacity is low. (-10% MP) [a
                  | shining eye]
   973 | D        | Killed a shining eye
   974 | D        | Killed a shining eye
   974 | D        | Killed a shining eye
   974 | D        | Paralysed by a floating eye for 4 turns
   976 | D        | Killed a shining eye
   976 | D        | Reached skill level 15 in Dodging
   977 | D        | Killed a shining eye
   977 | D        | Noticed a shining eye
   979 | D        | Noticed a shining eye
   981 | D        | Killed a shining eye
   982 | D        | Killed a shining eye
   987 | D        | Found Qoam Wea's Distillery.
   987 | D        | Found Hijiax's Weapon Shop.
   987 | D        | Found Doanuer's Magic Scroll Emporium.
   987 | D        | Found Ufreiph's General Store.
  1051 | D        | Reached XP level 11. HP: 57/57 MP: 10/10
  1850 | D        | Noticed a lindwurm
  1855 | D        | Killed a lindwurm
  1865 | D        | Reached skill level 22 in Stealth
  2393 | D        | Noticed a 12-headed hydra
  2760 | D        | Killed a 13-headed hydra
  2849 | D        | Bought a dented fluorescent amulet for 155 gold pieces
  2868 | D        | Bought 3 scrolls of identify for 138 gold pieces
  2876 | D        | Bought a scroll of acquirement for 572 gold pieces
  2876 | D        | Acquired an uncursed ring of fire
  2998 | D        | Noticed a shadow dragon
  2998 | D        | Noticed a golden dragon
  3006 | D        | HP: 2/58 [shadow dragon (15)]
  3008 | D        | Killed from afar by a shadow dragon
  3009 | D        | Reached XP level 10. HP: -8/55 MP: 10/10
  3009 | D        | Found the +8 longbow "Zephyr" {speed, Dex+3 SInv}
  3104 | D        | Noticed the 27-headed Lernaean hydra
  3113 | D        | Slain by the 27-headed Lernaean hydra
  3114 | D        | Reached XP level 9. HP: -3/51 MP: 9/9
  3423 | D        | Killed a deep elf master archer
  3470 | D        | Killed from afar by a shadow dragon

Illustrated notes

Levels and vault maps discovered:
D:        dungeon_sprint_1 [red_sonja_temple_1, red_sonja_temple_small_1]

Skill      XL: |  1  2  3  4  5  6  7  8  9 10 11 |
---------------+----------------------------------+-----
Stealth        | 8 12 16 17 18 19 20 21 22 | 22.4
Fighting       | 5 7 8 10 12 13 | 13.3
Dodging        | 7 9 11 13 15 16 | 16.6
Unarmed Combat | 5 7 8 10 12 13 | 13.3

Action                   |  1- 3 |  4- 6 |  7- 9 | 10-12 || total
-------------------------+-------+-------+-------+-------++-------
Melee: Unarmed           |    10 |     7 |    26 |   100 ||   143
       Punch             |       |       |     2 |    10 ||    12
       Bite              |       |       |     1 |    12 ||    13
Invok: Berserk           |     1 |       |       |     2 ||     3
       Brothers in Arms  |       |       |       |    14 ||    14
       Trog's Hand       |       |       |       |     2 ||     2
  Use: Scroll            |       |       |     1 |     2 ||     3
       Potion            |       |       |     2 |     3 ||     5
 Stab: Sleeping          |     1 |     3 |     9 |    13 ||    26
  Eat: Chunk             |       |     7 |     2 |    10 ||    19
Armor: Skin              |       |       |     2 |     1 ||     3
Dodge: Dodged            |     3 |     3 |    17 |   135 ||   158
